 Dungeon Crawl Stone Soup version 0.18.1-6-gd335043 (webtiles) character file.

195 HungrySpirit the Cutter (level 5, -3/29 HPs)
             Began as a Vine Stalker Chaos Knight on May 16, 2016.
             Slain by a centaur (6 damage)
             ... on level 4 of the Dungeon.
             The game lasted 00:04:58 (2752 turns).

HungrySpirit the Cutter (Vine Stalker Chaos Knight) Turns: 2752, Time: 00:04:59

Health: -3/29      AC:  6    Str: 15    XL:     5   Next: 74%
Magic:  0/7        EV: 11    Int: 12    God:    Xom [....*.]
Gold:   183        SH:  0    Dex: 14    Spells: 0 memorised, 4 levels left

rFire  . . .     SeeInvis .     a - +1 short sword (chaos)
rCold  . . .     Gourm    .     d - +0 leather armour (curse)
rNeg   . . .     Faith    .     (no shield)
rPois  .         Spirit   +     (no helmet)
rElec  .         Dismiss  .     o - +2 cloak {+Inv}
rCorr  .         Reflect  .     (no gloves)
SustAt .         Harm     .     (no boots)
MR     +....                    (no amulet)
Stlth  +.........               (no ring)
                                m - ring of protection from magic

@: somewhat resistant to hostile enchantments, very unstealthy
A: fangs 2, regeneration 1, magic shield, antimagic bite, no device heal 3, rot
immunity
a: Renounce Religion, Evoke Invisibility


You were on level 4 of the Dungeon.
You worshipped Xom.
You were a beloved toy of Xom.
You were not hungry.

You visited 1 branch of the dungeon, and saw 4 of its levels.

You collected 183 gold pieces.

Inventory:

Hand Weapons
 a - a +1 short sword of chaos (weapon)
 h - a +1 dagger of holy wrath
Armour
 b - a +2 leather armour
 d - a cursed +0 leather armour (worn)
 k - a +2 leather armour of cold resistance
 o - a +2 cloak of invisibility (worn)
Jewellery
 m - a ring of protection from magic (left hand)
Scrolls
 g - a scroll of identify
 j - a scroll of enchant weapon
 l - a scroll of noise {unknown}
Potions
 e - a potion of degeneration
 f - a potion of heal wounds {unknown}
 n - a potion of magic {unknown}
 q - a potion of curing {unknown}
Comestibles
 c - 2 bread rations
 i - 9 fruits
 p - a meat ration


   Skills:
 + Level 3.6 Fighting
 * Level 4.4 Short Blades
 - Level 1.5 Armour
 - Level 1.2 Dodging
 - Level 0.3 Stealth
 * Level 1.6 Evocations


You had 4 spell levels left.
You didn't know any spells.

Dungeon Overview and Level Annotations

Branches:
Dungeon (4/15)
 Temple: D:4-7

Altars:
Ashenzari
Cheibriados
Elyvilon
Trog


Innate Abilities, Weirdness & Mutations

You have extremely sharp teeth.
Your natural rate of healing is unusually fast.
When hurt, damage is shared between your health and your magic reserves.
Your bite disrupts and absorbs the magic of your enemies.
Potions and wands cannot restore your health.
You are immune to rotting.


Message History

The centaur is moderately wounded.
The centaur blinks!
The centaur wields an uncursed shortbow.
The centaur shoots an arrow.
The arrow hits you.
The centaur shoots an arrow.
The arrow hits you!
You see here an arrow.
The centaur shoots an arrow.
The arrow hits you.
You see here an arrow.
The centaur shoots an arrow.
The arrow hits you!
* * * LOW HITPOINT WARNING * * *
A shower of butterflies erupts from you!
The centaur unwields an uncursed shortbow.
The centaur misses your butterfly.
You see here an arrow.
The centaur hits your butterfly.
Your butterfly dies! "Serve the toy, my child!"
The centaur hits you.
You die...
Xom howls with laughter!

.oZ...............'.#
###...............#.#
......######+#+##.#
.......# #.##.#
###...#.# # #.##.# #
#.#.##.# #.#b##.#
#.c.bb.# #.#@#(.#
#..5b# ###(### #.(..#
####.# .# .
#######... ##
#.........


You could see a centaur and a friendly shadow imp.

Vanquished Creatures
  Crazy Yiuf (D:3)
  An orc wizard (D:4)
  A worker ant (D:4)
  3 adders (D:3)
  2 worms (D:3)
  A giant gecko (D:3)
  5 orcs
  2 goblins
  7 hobgoblins
  2 jackals (D:1)
  2 quokkas (D:3)
  2 ball pythons
  4 bats
  4 giant newts
  3 kobolds
  8 rats
48 creatures vanquished.

Vanquished Creatures (collateral kills)
  Terence (D:3)
  An orc wizard (D:3)
2 creatures vanquished.

Vanquished Creatures (others)
  A giant gecko (D:3)
  An orc (D:3)
  A giant newt (D:3)
  A kobold (D:3)
4 creatures vanquished.

Grand Total: 54 creatures vanquished

Notes
Turn   | Place    | Note
--------------------------------------------------------------
     0 | D:1      | HungrySpirit the Vine Stalker Chaos Knight began the quest for the Orb.
     0 | D:1      | Reached XP level 1. HP: 11/11 MP: 2/2
   194 | D:1      | Reached XP level 2. HP: 16/16 MP: 3/3
   322 | D:1      | Reached skill level 3 in Short Blades
   436 | D:1      | XOM: cast spell 'Ice Form'
   944 | D:2      | XOM: harmless Chrm miscast
   978 | D:2      | Reached XP level 3. HP: 16/20 MP: 4/4
  1066 | D:2      | Found a shattered altar of Ashenzari.
  1091 | D:2      | Found a snail-covered altar of Cheibriados.
  1239 | D:2      | XOM: silly message
  1527 | D:2      | XOM: god gift: 18 bolts
  1560 | D:3      | XOM: snakes to sticks
  1740 | D:3      | XOM is BORED!
  1740 | D:3      | XOM: medium Air miscast
  1870 | D:3      | Found a white marble altar of Elyvilon.
  1895 | D:3      | Reached skill level 1 in Dodging
  1977 | D:3      | Noticed a moth of wrath
  1979 | D:3      | Found a bloodstained altar of Trog.
  2022 | D:3      | XOM: harmless Necr miscast
  2033 | D:3      | Reached XP level 4. HP: 24/24 MP: 5/5
  2120 | D:3      | Noticed Crazy Yiuf
  2125 | D:3      | Killed Crazy Yiuf
  2166 | D:3      | XOM: vitrification
  2221 | D:3      | XOM: summons friendly soul eater
  2237 | D:3      | Reached skill level 4 in Short Blades
  2352 | D:3      | Noticed Terence
  2359 | D:3      | Killed Terence
  2359 | D:3      | Reached skill level 1 in Evocations
  2359 | D:3      | Reached XP level 5. HP: 28/28 MP: 4/6
  2448 | D:3      | XOM: polymorph soul eater -> soul eater
  2581 | D:4      | XOM: stat loss: -1 Str (14/15)
  2630 | D:4      | XOM: 3-stop teleportation journey
  2739 | D:4      | Noticed a centaur
  2750 | D:4      | XOM: butterfly on damage
  2752 | D:4      | XOM: summons friendly shadow imp
  2752 | D:4      | Slain by a centaur

Skill      XL: |  1  2  3  4 |
---------------+-------------+-----
Fighting       | 3 |  3.6
Short Blades   | 3 4 |  4.4
Dodging        | 1 |  1.2
Evocations     | 1 |  1.6
Armour         | |  1.5
Stealth        | |  0.3

Action                   |  1- 3 |  4- 6 || total
-------------------------+-------+-------++-------
Melee: Short sword       |   108 |    70 ||   178
       Bite              |    29 |    20 ||    49
  Use: Scroll            |     3 |     1 ||     4
  Eat: Chunk             |     3 |     3 ||     6
Armor: Leather armour    |    21 |    11 ||    32
Dodge: Dodged            |    52 |    26 ||    78
